AoeStats
← Abacaxi de Marataízes ^_~

MegaRandom

506957139Analyzed
1v1 RM · 17d ago on Sep 15, 2026· 79m 20s· 2 players
Game mode
Random Map
Map size
Tiny (2 player)
Population
200
Speed
Normal
Resources
Standard
Victory
Conquest
Starting age
Dark Age
Ending age
Imperial Age
RankedLock teamsTeams togetherTeam positionsShared explorationLock speedFull tech treeHidden civsTurbo modeCheats
Victory
Defeat
🇧🇷 Inca · Brazil
811
+16
🇦🇷 Teutons · Argentina
812
-16
Abacaxi de Marataízes ^_~
5:50 Loom
13:20 Feudal Age
31:45 Scale Mail Armor
32:58 Forging
33:32 Double-Bit Axe
36:54 Castle Age
35:15 Fletching
38:10 Bow Saw
38:57 Bodkin Arrow
39:03 Pikeman
40:34 Padded Archer Armor
43:00 Chain Mail Armor
53:43 Leather Archer Armor
56:20 Imperial Age
59:24 Bracer
61:27 Plate Mail Armor
61:28 Ring Archer Armor
63:27 Crossbowman
64:15 Thumb Ring
66:54 Arbalester
68:10 Plate Mail Armor
74:35 Iron Casting
78:37 Blast Furnace
77:16 Elite Kamayuk
79:40 Murder Holes
80:46 Chemistry
CASTRO
9:22 Loom
11:36 Feudal Age
20:47 Double-Bit Axe
28:46 Castle Age
27:42 Town Watch
30:41 Horse Collar
43:22 Ironclad
52:57 Stone Mining
71:27 Bloodlines
Connection lost

Rejoining the realm…

Still unreachable

The connection could not be restored.

Session expired

The server has moved on; the page needs a fresh start.